 Dungeon Crawl Stone Soup version 0.27-a0-46-g34d46f0a3f (webtiles) character file.

Game seed: 16273068764441647695

730 Borgoz the Ducker (level 7, -4/59 HPs)
             Began as a Ghoul Gladiator on Jan 6, 2021.
             Was an Initiate of Dithmenos.
             Slain by an unseen horror (7 damage)
             ... on level 5 of the Dungeon.
             The game lasted 00:04:35 (4031 turns).

Borgoz the Ducker (Ghoul Gladiator)                 Turns: 4031, Time: 00:04:35

Health: -4/59      AC: 10    Str: 18    XL:     7   Next: 73%
Magic:  6/6        EV: 13    Int:  4    God:    Dithmenos [......]
Gold:   196        SH:  0    Dex: 11    Spells: 6/6 levels left

rFire    + . .     SeeInvis .   a - +0 long sword
rCold    + . .     Faith    .   (no shield)
rNeg     + + +     Spirit   .   u - +3 ring mail {rF+}
rPois    ∞         Reflect  .   c - +0 helmet
rElec    .         Harm     .   j - +0 cloak
rCorr    .         Rampage  .   (no gloves)
Will     .....                  (no boots)
Stlth    +.........             (no amulet)
HPRegen  0.00/turn              (no ring)
MPRegen  0.10/turn              (no ring)

@: mighty, about to teleport
A: claws 1, cold resistance 1, negative energy resistance 3, inhibited
regeneration, torment resistance, unbreathing
a: Renounce Religion


You were on level 5 of the Dungeon.
You worshipped Dithmenos.
Dithmenos was noncommittal.
You visited 2 branches of the dungeon, and saw 6 of its levels.

You collected 196 gold pieces.

Inventory:

Hand Weapons
 a - a +0 long sword (weapon)
Armour
 c - a +0 helmet (worn)
 j - a +0 cloak (worn)
 k - a +0 kite shield
 u - a +3 ring mail of fire resistance (worn)
Wands
 p - a wand of random effects (20)
 q - a wand of disintegration (12)
 v - a wand of iceblast (7)
Scrolls
 e - 2 scrolls of magic mapping
 h - a scroll of teleportation
 i - a scroll of remove curse
 m - a scroll of enchant armour
 n - 2 scrolls of amnesia
Potions
 d - 2 potions of flight
 g - 2 potions of lignification
 l - a potion of resistance
 o - a potion of might
 s - a potion of haste


   Skills:
 + Level 4.1 Fighting
 * Level 5.1 Long Blades
 - Level 1.7 Throwing
 + Level 2.7 Armour
 * Level 5.1 Dodging


You had 6 spell levels left.
You didn't know any spells.
Your spell library was empty.

Dungeon Overview and Level Annotations

Branches:
Dungeon (5/15)             Temple (1/1) D:5

Altars:
Ashenzari
Cheibriados
Dithmenos
Elyvilon
Gozag
Hepliaklqana
Kikubaaqudgha
Makhleb
Nemelex Xobeh
Qazlal
Sif Muna
Trog
Uskayaw
Vehumet
Wu Jian
Xom
Yredelemnul
Zin
The Shining One


Innate Abilities, Weirdness & Mutations

You thrive by killing the living.
You are immune to poison.
You have sharp fingernails.
Your flesh is cold resistant. (rC+)
You are immune to negative energy. (rN+++)
You do not regenerate when monsters are visible.
You are immune to unholy pain and torment.
You can survive without breathing.


Message History

* * * LOW HITPOINT WARNING * * *
Something hits you but does no damage.
You barely miss something. Something hits you but does no damage.
You feel better. Something hits you.
You feel very mighty all of a sudden. Something hits you!
* * * LOW HITPOINT WARNING * * *
You swing at nothing.
Something barely misses you.
You swing at nothing.
Something hits you but does no damage.
You slash something! Something hits you.
* * * LOW HITPOINT WARNING * * *
Something hits you but does no damage.
You miss something. Something hits you but does no damage.
Something completely misses you. Something hits you.
* * * LOW HITPOINT WARNING * * *
Okay, then.
Okay, then.
As you read the scroll of teleportation, it crumbles to dust.
You feel strangely unstable. Something hits you!
You die...

,,,,* #...# #.#
##.##.###.. ***** #[..#
#.# ####.##.###.. #...#
#.# #............ #...#
#.# #.##.....<...
#...###.###.#####.#####
#...!<.#..(.# #.#
###.###.##### *,#
#...###.######***,*
#....{@.......,,,,*
####''####.######*****
##...†††..###
##..........## **
##............## ,*
##..............##
,*##................##
,,#......[...........#
,,#..................#


There were no monsters in sight!

Vanquished Creatures
  Edmund (D:4)
  2 ogres (D:4)
  A centaur (D:5)
  A bullfrog zombie (D:5)
  A jelly (D:4)
  A hound (D:4)
  Jessica (D:3)
  An iguana (D:5)
  2 orc wizards (D:5)
  A worker ant (D:5)
  A hound skeleton (D:5)
  3 adders
  A white imp (D:5)
  2 adder skeletons (D:4)
  2 dart slugs
  2 leopard geckos (D:5)
  12 orcs
  4 giant cockroaches
  6 goblins
  4 hobgoblins
  14 jackals
  5 kobolds
  4 quokkas
  8 bats
  3 frilled lizards
  4 rats
87 creatures vanquished.

Notes
Turn   | Place    | Note
-------+----------+-------------------------------------------
     0 | D:1      | Borgoz the Ghoul Gladiator began the quest for the Orb.
     0 | D:1      | Reached XP level 1. HP: 17/17 MP: 0/0
   383 | D:1      | Reached XP level 2. HP: 25/25 MP: 1/1
   925 | D:2      | Found an opulent altar of Gozag.
  1045 | D:2      | Reached XP level 3. HP: 30/30 MP: 2/2
  1151 | D:2      | Found a stormy altar of Qazlal.
  1262 | D:2      | Found an ancient bone altar of Kikubaaqudgha.
  1634 | D:3      | Found a basalt altar of Yredelemnul.
  1661 | D:3      | Noticed Jessica
  1665 | D:3      | Killed Jessica
  1666 | D:3      | Reached skill level 1 in Armour
  1666 | D:3      | Reached XP level 4. HP: 37/37 MP: 3/3
  2346 | D:4      | Noticed an ogre
  2347 | D:4      | Reached XP level 5. HP: 43/45 MP: 4/4
  2348 | D:4      | Killed an ogre
  2354 | D:4      | Noticed an ogre
  2358 | D:4      | Killed an ogre
  2359 | D:4      | Reached XP level 6. HP: 24/51 MP: 5/5
  2706 | D:4      | Noticed Edmund
  2741 | D:4      | Killed Edmund
  2742 | D:4      | Reached XP level 7. HP: 26/58 MP: 6/6
  2973 | D:4      | Found a white marble altar of Elyvilon.
  3091 | D:5      | Entered Level 5 of the Dungeon
  3580 | D:5      | Found a staircase to the Ecumenical Temple.
  3613 | Temple   | Entered the Ecumenical Temple
  3697 | Temple   | Became a worshipper of Dithmenos the Shadowed
  3794 | D:5      | Reached skill level 5 in Dodging
  3801 | D:5      | Reached skill level 5 in Long Blades
  4031 | D:5      | Slain by an unseen horror

Illustrated notes

Levels and vault maps discovered:
D:1:      scummos_arrival_forest, layout_loops_ring, minmay_misc_feat_columns
D:2:      layout_basic, grunt_qazlal_clouds, overflow_temple_1_default,
          kiku_gazebo_pond_becter
D:3:      layout_loops_ring, yredelemnul_altar_generic, uniq_jessica
D:4:      layout_rooms, general_overflow_altar, uniq_edmund
D:5:      kennysheep_big_flooded_room, layout_loops_ring,
          minmay_temple_entry_junction, grunt_gozag_breadcrumbs
Temple:   nicolae_temple_great_sept

Skill      XL: |  1  2  3  4  5  6  7 |
---------------+----------------------+-----
Long Blades    | 3 4 5 |  5.1
Dodging        | 3 4 5 |  5.1
Armour         | 1 2 |  2.7
Fighting       | 3 4 |  4.1
Throwing       | |  1.7

Action                   |  1- 3 |  4- 6 |  7- 9 || total
-------------------------+-------+-------+-------++-------
Melee: Long sword        |    91 |   133 |    89 ||   313
Throw: Throwing net      |       |     1 |     2 ||     3
Evoke: Wand              |       |     3 |       ||     3
  Use: Scroll            |       |       |    12 ||    12
       Potion            |       |       |     4 ||     4
 Stab: Held in net/web   |       |       |     1 ||     1
Armor: Leather armour    |    13 |       |       ||    13
       Ring mail         |    18 |       |    51 ||    69
       Scale mail        |    18 |    68 |       ||    86
Dodge: Dodged            |    71 |    97 |    89 ||   257
       Rpst.: Long sword |    28 |    35 |    15 ||    78

Table legend: (Time is in decaauts)
 A = Elapsed time spent in this place.
 B = Non-inter-level travel time spent in this place.
 C = Inter-level travel time spent in this place.
 D = Time resting spent in this place.
 E = Time spent auto-exploring this place.
 F = Levels seen in this place.
 G = Mean time per level.
                   A        B        C        D        E       F      G
               +--------+--------+--------+--------+--------+-----+--------+
         Total |   4096 |   3961 |    135 |    700 |   2564 |   6 |  682.7 |
       Dungeon |   4000 |   3885 |    115 |    700 |   2493 |   5 |  800.0 |
        Temple |     95 |     75 |     20 |      0 |     71 |   1 |   95.0 |
               +--------+--------+--------+--------+--------+-----+--------+

Top non-repeatable levels by time:
     D:5: 858 daAuts
     D:2: 826 daAuts
     D:3: 790 daAuts
     D:4: 769 daAuts
     D:1: 756 daAuts
  Temple: 95 daAuts
